 Dungeon Crawl Stone Soup version 0.28.0 (webtiles) character file.

Game seed: 4516312399172574398

86 RighteousDevil the Chopper (level 4, -2/35 HPs)
             Began as a Hill Orc Artificer on Feb 14, 2022.
             Slain by an orc wizard (4 damage)
             ... on level 3 of the Dungeon.
             The game lasted 00:03:13 (2696 turns).

RighteousDevil the Chopper (Hill Orc Artificer)     Turns: 2696, Time: 00:03:14

Health: -2/35      AC: 11    Str: 22    XL:     4   Next: 50%
Magic:  4/4        EV:  8    Int: 11    God:
Gold:   93         SH:  0    Dex: 11    Spells: 3/3 levels left

rFire   + . .      SeeInvis .   a - +0 whip
rCold   . . .      Faith    .   (no shield)
rNeg    . . .      Spirit   .   k - +0 chain mail
rPois   .          Reflect  .   (no helmet)
rElec   .          Harm     .   (no cloak)
rCorr   .          Rampage  .   h - +2 pair of gloves
Will    .....                   (no boots)
Stlth   ..........              (no amulet)
HPRegen 0.11/turn               b - +6 ring of strength
MPRegen 0.09/turn               g - ring of protection from fire

@: confused
A: no striking features
a: no special abilities


You were on level 3 of the Dungeon.
You visited 1 branch of the dungeon, and saw 3 of its levels.

You collected 93 gold pieces.

Inventory:

Hand Weapons
 a - a +0 whip (weapon)
Armour
 h - a +2 pair of gloves (worn)
 k - a +0 chain mail (worn)
Jewellery
 b - a +6 ring of strength (left hand)
 f - an amulet of faith
 g - a ring of protection from fire (right hand)
Wands
 c - a wand of flame (14) (quivered)
 d - a wand of charming (14)
Scrolls
 i - a scroll of vulnerability
 j - a scroll of fog {unknown}
 l - a scroll of immolation {unknown}
Potions
 m - a potion of brilliance
Miscellaneous
 e - a piece from Xom's chessboard (15/15)


   Skills:
 - Level 1.2 Fighting
 + Level 5.3 Axes
 - Level 2.1 Armour
 - Level 0.7 Dodging
 - Level 0.7 Stealth
 - Level 3.0 Evocations


You had 3 spell levels left.
You didn't know any spells.
Your spell library contained the following spells:

 Spells                   Type           Power      Damage    Failure   Level
 Sandblast                Erth           0%         2d4       97%         1
 Slow                     Hex            0%         N/A       97%         1
 Confusing Touch          Hex            0%         N/A       100%        3
 Vampiric Draining        Necr           0%         2d6       100%        3


Dungeon Overview and Level Annotations

Branches:
Dungeon (3/15)

Altars:
Xom

Annotations:
D:3 3 runed translucent doors


Message History

The jackal dies!
You start resting.
Something hits your quokka.
Your quokka dies!
You hear some strange, mumbled words.
Something tries to affect you, but you resist.
You hit something but do no damage. You punch something.
Something hits you but does no damage.
You barely miss something. Something hits you but does no damage.
You barely miss something. Something hits you but does no damage.
You closely miss something. Something hits you but does no damage.
You miss something. Something hits you but does no damage.
You miss something. Something hits you.
* * * LOW HITPOINT WARNING * * *
You hit something but do no damage.
You hear some strange, mumbled words.
A puff of flame appears from out of thin air!
The puff of flame hits you. You resist.
* * * LOW HITPOINT WARNING * * *
Okay, then.
Okay, then.
You hear some strange, mumbled words.
You are confused.
You bump into the stone wall.
A magic dart appears from out of thin air!
The magic dart hits you!
* * * LOW HITPOINT WARNING * * *
You are too confused!
Okay, then.
You are too confused!
Something hits you but does no damage.
You completely miss something.
An orc wizard appears from thin air!
Reactivating autopickup.
You hit the orc wizard.
The orc wizard is moderately wounded.
The orc wizard casts a spell at you. You resist with some effort.
You bump into the rock wall.
The orc wizard hits you with a +0 dagger.
You die...

#..#[... Z..
#.##..# ... #.
#)#..# ..# ##.
#.#..# #.. #.#..#
#.. #.##..##
###...#..
#..#...####....##..
##o##..........#...
#@.#.........##.(.
##.##.......##[..>
#..###+++###....#
##.............##
#............##
##############


You could see an orc wizard.

Vanquished Creatures
  4 adders (D:2)
  A worm (D:2)
  2 orcs (D:3)
  5 bats
  5 endoplasms
  2 giant cockroaches
  3 goblins
  2 hobgoblins
  5 jackals (D:3)
  3 kobolds
  A quokka (D:2)
  6 ball pythons
  A frilled lizard (D:2)
  A rat (D:2)
41 creatures vanquished.

Vanquished Creatures (collateral kills)
  A jackal (D:3)
1 creature vanquished.

Vanquished Creatures (others)
  A quokka (D:3)
  2 fungi (D:3)
  6 plants (D:2)
  4 toadstools (D:3)
13 creatures vanquished.

Grand Total: 55 creatures vanquished

Notes
Turn   | Place    | Note
-------+----------+-------------------------------------------
     0 | D:1      | RighteousDevil the Hill Orc Artificer began the quest for
                  | the Orb.
     0 | D:1      | Reached XP level 1. HP: 16/16 MP: 1/1
    47 | D:1      | Reached skill level 1 in Axes
   406 | D:1      | Found a faded altar of an unknown god.
   411 | D:1      | Got Plato's Compendium of Earth
   433 | D:1      | Reached skill level 2 in Axes
   433 | D:1      | Reached XP level 2. HP: 23/23 MP: 2/2
   805 | D:2      | Reached skill level 3 in Axes
  1044 | D:2      | Found a shimmering altar of Xom.
  1158 | D:2      | Reached XP level 3. HP: 21/28 MP: 3/3
  1483 | D:2      | Reached skill level 4 in Axes
  1892 | D:2      | Reached XP level 4. HP: 33/35 MP: 4/4
  2130 | D:2      | Reached skill level 5 in Axes
  2606 | D:3      | Found a runed translucent gate.
  2606 | D:3      | Found a runed translucent gate.
  2607 | D:3      | Found a runed translucent gate.
  2696 | D:3      | Slain by an orc wizard

Illustrated notes

Levels and vault maps discovered:
D:1:      scummos_arrival_star, layout_rooms,
          shapermc_ecumenical_altar_rom_forum
D:2:      layout_loops_ring, serial_forest, infiniplex_forest_lined_2,
          infiniplex_forest_straight_3, infiniplex_forest_clump_small,
          infiniplex_forest_corner_1, infiniplex_forest_join,
          infiniplex_forest_3_way, basic_altar
D:3:      layout_basic, gammafunk_ghost_icy, minmay_gold_behind_fungi

Skill      XL: |  1  2  3  4 |
---------------+-------------+-----
Axes           | 2 3 4 5 |  5.3
Fighting       | |  1.2
Armour         | |  2.1
Dodging        | |  0.7
Stealth        | |  0.7
Evocations     | |  3.0

Action                   |  1- 3 |  4- 6 || total
-------------------------+-------+-------++-------
Melee: Whip              |   127 |    93 ||   220
       Punch             |     1 |     1 ||     2
Evoke: Wand              |       |     2 ||     2
  Use: Scroll            |     3 |     2 ||     5
Armor: Chain mail        |    79 |    78 ||   157
Dodge: Dodged            |    57 |    58 ||   115
